 Dungeon Crawl Stone Soup version 0.30-a0-374-g95c0257040 (webtiles) character file.

Game seed: 6717088072757716923

24 Muataran the Trooper (level 3, 0/33 HPs)
             Began as a Hill Orc Fighter on Nov 26, 2022.
             Succumbed to their own poison gas
             ... on level 3 of the Dungeon.
             The game lasted 00:02:11 (742 turns).

Muataran the Trooper (Hill Orc Fighter)              Turns: 742, Time: 00:02:11

Health: 0/33       AC:  8    Str: 18    XL:     3   Next: 2%
Magic:  3/3        EV:  9    Int: 10    God:
Gold:   74         SH:  4    Dex: 10    Spells: 2/2 levels left

rFire   . . .      SeeInvis .    a - +0 war axe
rCold   . . .      Faith    .    c - +0 buckler
rNeg    . . .      Spirit   .    b - +0 scale mail
rPois   .          Reflect  .    (no helmet)
rElec   .          Harm     .    k - +0 cloak
rCorr   .          Rampage  .    (no gloves)
Will    .....                    (no boots)
Stlth   ..........               (no amulet)
HPRegen 0.25/turn                (no ring)
MPRegen 0.08/turn                (no ring)

@: lethally poisoned (0 -> -45)
A: no striking features
a: no special abilities


You were on level 3 of the Dungeon.
You visited 1 branch of the dungeon, and saw 3 of its levels.

You collected 74 gold pieces.

Inventory:

Hand Weapons
 a - a +0 war axe (weapon)
Armour
 b - a +0 scale mail (worn)
 c - a +0 buckler (worn)
 k - a +0 cloak (worn)
Jewellery
 e - a ring of flight
 l - a +4 ring of protection
Potions
 d - 2 potions of might
 f - a potion of flight {unknown}
 g - a potion of magic {unknown}
 h - 3 potions of cancellation {unknown}
 m - a potion of degeneration {unknown}


   Skills:
 + Level 3.9 Fighting
 * Level 3.5 Axes
 + Level 3.5 Armour
 + Level 3.5 Shields


You had 2 spell levels left.
You didn't know any spells.
Your spell library contained the following spells:

 Spells                   Type           Power      Damage    Failure   Level
 Dazzling Flash           Conj/Hex       0%         N/A       99%         3
 Iskenderun's Mystic Bla  Conj/Tloc      0%         2d3       100%        4
 Starburst                Conj/Fire      0%         6d3       100%        6


Dungeon Overview and Level Annotations

Branches:
Dungeon (3/15)

Altars:

Shops:
D:3 [


Message History

HP restored.
l - a +4 ring of protection;
m - a cyan potion You now have 74 gold pieces (gained 4).
Things that are here:
a +0 club; a +0 ring mail; an orc corpse A ball python comes into view.
The ball python hisses angrily.
A ball python is nearby!
You closely miss the ball python. You block the ball python's attack.
The ball python barely misses you.
You closely miss the ball python. You block the ball python's attack.
The ball python barely misses you. You block the ball python's attack. x2
You hit the ball python but do no damage.
The ball python barely misses you. x2; You block the ball python's attack.
The ball python grabs you. The ball python constricts you.
You barely miss the ball python. The ball python barely misses you.
The ball python constricts you.
You slash the ball python!
You kill the ball python!
No target in view!
Found 3 stones.
Found a stone staircase leading up.
A scorpion comes into view.
Found a scroll labelled ANOVU UDIOGG.
As you read the scroll labelled GUN XOWEUMOLI, it crumbles to dust.
The creatures around you are filled with an inner flame!
It was a scroll of immolation.
The air fills with toxic fumes!
As you read the scroll labelled ANOVU UDIOGG, it crumbles to dust.
It was a scroll of poison.
Really walk into that cloud of poison gas?
You are engulfed in poison gas.
You are poisoned.
You feel sick.
You are engulfed in poison gas.
You are more poisoned.
You feel very sick.
You are engulfed in poison gas.
You are lethally poisoned!
You feel extremely sick.
You are engulfed in poison gas.
You are more poisoned.
You die...

#########....#.###.###)###.#.
.............#...#.....#...).
?...§.<......###.###.###.....
....§§.......###...#[#.......
....§§§......(.##..###...####
....s§§§.#####.##........# #
####§§§§#####.##....^...####
#.#§.§§§##.##............
#...###§@§§§...#.....####
#..## ####§§..)...###♣... #..
##.)..#.......... #...
..#...........♣∩♣.. #(...
.................... #....
.......#........#♣... #..
.....###.##.....#.... .....
#..##..[....... .....
#.###..........


There were no monsters in sight!

Vanquished Creatures
  A dart slug (D:3)
  2 orcs (D:3)
  4 bats (D:3)
  An endoplasm (D:3)
  2 goblins
  A hobgoblin (D:2)
  3 quokkas
  A ball python (D:3)
  2 frilled lizards
  A kobold (D:3)
  2 rats
20 creatures vanquished.

Notes
Turn   | Place    | Note
-------+----------+-------------------------------------------
     0 | D:1      | Muataran the Hill Orc Fighter began the quest for the Orb.
     0 | D:1      | Reached XP level 1. HP: 19/19 MP: 1/1
   183 | D:2      | Reached XP level 2. HP: 27/27 MP: 2/2
   589 | D:3      | Found Hocujaal's Armour Shop.
   682 | D:3      | Reached XP level 3. HP: 24/33 MP: 3/3
   735 | D:3      | Noticed a scorpion
   742 | D:3      | Succumbed to their own poison gas

Illustrated notes

Levels and vault maps discovered:
D:1:      sevenhm_arrival_forest_fort_large_4, layout_rooms,
          corexii_leaking_fountain
D:2:      layout_basic
D:3:      layout_rooms, serial_shops, nicolae_shop_trees, minmay_misc_feat_tiny,
          roderic_roman_lattice, minmay_quantized

Skill      XL: |  1 |
---------------+----+-----
Axes           | 3 |  3.5
Fighting       | |  3.9
Armour         | |  3.5
Shields        | |  3.5

Action                   || total
-------------------------++-------
Melee: War axe           ||    63
  Use: Scroll            ||     2
Armor: Scale mail        ||    38
Dodge: Dodged            ||    29
Block: Buckler           ||    23

Table legend: (Time is in decaauts)
 A = Elapsed time spent in this place.
 B = Non-inter-level travel time spent in this place.
 C = Inter-level travel time spent in this place.
 D = Time resting spent in this place.
 E = Time spent auto-exploring this place.
 F = Levels seen in this place.
 G = Mean time per level.
                   A        B        C        D        E       F      G
               +--------+--------+--------+--------+--------+-----+--------+
         Total |    765 |    750 |     15 |      0 |    537 |   3 |  255.0 |
       Dungeon |    765 |    750 |     15 |      0 |    537 |   3 |  255.0 |
               +--------+--------+--------+--------+--------+-----+--------+

Top non-repeatable levels by time:
     D:3: 379 daAuts
     D:2: 273 daAuts
     D:1: 113 daAuts
